AoeStats
← zNyk

Fortress

508654282Analyzed
2v2 RM · 10d ago on Sep 23, 2026· 41m 57s· 4 players
Game mode
Random Map
Map size
Normal (6 player)
Population
200
Speed
Normal
Resources
Standard
Victory
Conquest
Starting age
Dark Age
Ending age
Imperial Age
RankedLock teamsTeams togetherTeam positionsShared explorationLock speedFull tech treeHidden civsTurbo modeCheats
Victory
Defeat
🇷🇴 Persians · Romania
966
+17
🇳🇱 Franks · Netherlands
961
+17
🇨🇳 Goths · China
982
-17
🇨🇳 Franks · China
982
-17
zNyk
7:44 Feudal Age
6:02 Loom
8:20 Double-Bit Axe
8:15 Horse Collar
13:23 Castle Age
14:00 Wheelbarrow
16:10 Heavy Plow
22:02 Hand Cart
22:06 Town Watch
23:16 Bow Saw
26:35 Imperial Age
25:06 Forging
25:01 Scale Barding Armor
26:25 Iron Casting
27:56 Two-Man Saw
27:30 Crop Rotation
27:43 Conscription
29:32 Cavalier
30:13 Husbandry
30:25 Bloodlines
31:18 Blast Furnace
30:38 Chain Barding Armor
30:53 Masonry
31:04 Ballistics
32:07 Savar
34:42 Chemistry
34:13 Architecture
34:55 Caravan
36:13 Plate Barding Armor
42:06 Gold Mining
Pâca
7:39 Feudal Age
12:26 Castle Age
13:48 Husbandry
14:32 Wheelbarrow
16:13 Double-Bit Axe
16:22 Gold Mining
20:28 Forging
22:13 Gold Shaft Mining
23:01 Scale Barding Armor
27:20 Iron Casting
27:45 Hand Cart
32:25 Imperial Age
30:23 Chain Barding Armor
31:32 Loom
31:33 Town Watch
31:43 Stone Mining
32:06 Bow Saw
33:19 Town Patrol
34:23 Blast Furnace
33:58 Plate Barding Armor
34:18 Cavalier
36:16 Chivalry
35:46 Paladin
一口水蜜桃
7:59 Feudal Age
8:53 Feudal Age
13:05 Castle Age
11:33 Gold Mining
11:32 Double-Bit Axe
14:30 Loom
18:35 Imperial Age
17:47 Husbandry
20:06 Wheelbarrow
19:29 Loom
20:13 Bow Saw
21:10 Scale Barding Armor
21:16 Stone Mining
24:27 Forging
24:41 Pikeman
25:22 Squires
26:49 Halberdier
30:13 Murder Holes
31:14 Fletching
33:00 Gold Shaft Mining
32:27 Town Watch
32:50 Cavalier
34:19 Chain Barding Armor
34:35 Iron Casting
34:46 Town Patrol
36:22 Hand Cart
36:58 Conscription
37:54 Plate Barding Armor
39:37 Hoardings
40:28 Blast Furnace
笨笨熊
8:23 Feudal Age
6:39 Loom
8:49 Double-Bit Axe
12:52 Castle Age
11:25 Gold Mining
11:23 Horse Collar
14:57 Bow Saw
15:53 Wheelbarrow
18:47 Heavy Plow
24:27 Imperial Age
21:29 Pikeman
22:28 Forging
22:18 Scale Mail Armor
21:44 Man-at-Arms
23:11 Hand Cart
22:56 Town Watch
23:30 Squires
22:59 Long Swordsman
24:21 Scale Mail Armor
23:44 Pikeman
25:52 Chain Mail Armor
26:13 Iron Casting
26:42 Illumination
26:22 Stone Mining
31:10 Blast Furnace
29:33 Halberdier
29:34 Two-Handed Swordsman
30:58 Perfusion
30:58 Anarchy
31:19 Conscription
31:10 Champion
31:27 Elite Huskarl
32:51 Treadmill Crane
Connection lost

Rejoining the realm…

Still unreachable

The connection could not be restored.

Session expired

The server has moved on; the page needs a fresh start.